 Dungeon Crawl Stone Soup version 0.27.1 (webtiles) character file.

Game seed: 14323986797385078299

5139 Cykl0x the Blocker (level 10, -1/86 HPs)
             Began as a Minotaur Fighter on Sept 2, 2021.
             Was an Elder of Zin.
             Slain by a vampire (8 damage)
             ... on level 9 of the Dungeon.
             The game lasted 00:15:21 (7537 turns).

Cykl0x the Blocker (Minotaur Fighter)               Turns: 7537, Time: 00:15:22

Health: -1/86      AC: 11    Str: 24    XL:     10   Next: 33%
Magic:  13/13      EV:  8    Int:  5    God:    Zin [****..]
Gold:   527        SH:  0    Dex: 10    Spells: 9/9 levels left

rFire    . . .     SeeInvis .   a - +1 long sword
rCold    . . .     Faith    .   c - +1 kite shield
rNeg     . . .     Spirit   .   j - +0 chain mail
rPois    .         Reflect  .   (helmet restricted)
rElec    .         Harm     .   (no cloak)
rCorr    .         Rampage  .   (no gloves)
Will     .....                  (no boots)
Stlth    ..........             f - amulet of regeneration
HPRegen  1.24/turn              (no ring)
MPRegen  0.13/turn              (no ring)

@: confused, studying Shields
A: horns 2, retaliatory headbutt
a: Renounce Religion, Recite, Vitalisation, Imprison, Donate Gold


You were on level 9 of the Dungeon.
You worshipped Zin.
Zin was greatly pleased with you.
You visited 2 branches of the dungeon, and saw 10 of its levels.

You collected 598 gold pieces.
You spent 12 gold pieces at shops.
You donated 59 gold pieces to Zin.

Inventory:

Hand Weapons
 a - a +1 long sword (weapon)
 g - a +1 short sword of electrocution
Missiles
 e - 227 stones
 l - 37 poisoned darts
 y - 11 boomerangs (quivered)
Armour
 b - a +0 scale mail
 c - a +1 kite shield (worn)
 j - a +0 chain mail (worn)
Jewellery
 f - an amulet of regeneration (around neck)
 q - the amulet of Widurru {Spirit rN+}
   (You took it off a kobold on level 4 of the Dungeon)

   [amulet of guardian spirit]

   It causes incoming damage to be divided between your reserves of health and
   magic.
   rN:        It protects you from negative energy.
Wands
 t - a wand of flame (49)
 u - a wand of acid (10)
 A - a wand of charming (9)
 B - a wand of iceblast (8)
Scrolls
 p - 2 scrolls of teleportation
 r - 2 scrolls of fear
 s - 2 scrolls of noise
 v - 3 scrolls of amnesia
 C - a scroll of immolation {unknown}
Potions
 d - a potion of cancellation
 h - 2 potions of curing
 i - a potion of mutation
 k - 2 potions of attraction
 m - a potion of magic
 n - a potion of might
 o - 2 potions of invisibility {unknown}
 w - a potion of flight {unknown}
 x - a potion of lignification {unknown}
 z - 2 potions of heal wounds
 D - a potion of haste {unknown}


   Skills:
 + Level 7.1 Fighting
 + Level 10.0 Long Blades
 + Level 4.3 Throwing
 + Level 8.3 Armour
 + Level 2.9 Dodging
 + Level 10.8 Shields
 * Level 5.6 Invocations


You had 9 spell levels left.
You didn't know any spells.
Your spell library contained the following spells:

 Spells                   Type           Power      Damage    Failure   Level
 Sandblast                Erth           0%         2d4       99%         1
 Passwall                 Tmut/Erth      0%         N/A       100%        2
 Sublimation of Blood     Necr           0%         N/A       100%        2
 Wereblood                Tmut           0%         N/A       100%        2
 Leda's Liquefaction      Hex/Erth       0%         N/A       100%        4
 Bolt of Magma            Conj/Fire/Erth 0%         4d4       100%        5
 Lee's Rapid Deconstruct  Erth           0%         3d5*      100%        5
 Statue Form              Tmut/Erth      0%         N/A       100%        6
 Summon Hydra             Summ           0%         N/A       100%        7


Dungeon Overview and Level Annotations

Branches:
Dungeon (9/15)             Temple (1/1) D:5
   Lair: D:8-11         Orc: D:9-12

Altars:
Ashenzari
Cheibriados
Dithmenos
Gozag
Hepliaklqana
Makhleb
Nemelex Xobeh
Okawaru
Qazlal
Sif Muna
Trog
Uskayaw
Vehumet
Wu Jian
Xom
Yredelemnul
Zin

Shops:
D:5 !   D:6 *


Innate Abilities, Weirdness & Mutations

You have a pair of horns on your head.
You reflexively headbutt those who attack you in melee.


Message History

You slash something! Something hits you but does no damage.
Something bites you but does no damage.
You hit something but do no damage. Your headbutt misses something.
Something draws life force from you!
* * * LOW HITPOINT WARNING * * *
You miss something. Your headbutt misses something.
Something draws life force from you.
* * * LOW HITPOINT WARNING * * *
You barely miss something. Your headbutt misses something. Something hits you.
* * * LOW HITPOINT WARNING * * *
Something bites you.
* * * LOW HITPOINT WARNING * * *
Something draws strength from your injuries!
You barely miss something.
A vampire appears from thin air!
Reactivating autopickup.
The vampire closely misses you. You block the vampire's attack.
You hit the vampire.
The vampire is heavily damaged.
The vampire barely misses you. You furiously retaliate!
You headbutt the vampire, but do no damage.
You block the vampire's attack.
You slash the vampire!
The vampire is severely damaged.
The vampire points at you and mumbles some strange words.
You are confused.
You bump into the rock wall.
The vampire hits you but does no damage.
The vampire bites you!
* * * LOW HITPOINT WARNING * * *
The vampire draws strength from your injuries!
You bump into the rock wall.
The vampire hits you.
* * * LOW HITPOINT WARNING * * *
The vampire barely misses you.
The vampire casts a spell.
The vampire flickers and vanishes!
Deactivating autopickup; reactivate with Ctrl-A.
Things that are here:
a wyvern corpse; a bullfrog corpse Something hits you!
You die...

....... .
...o... ..
.o..... ...
......) ....
..>.... #...
.......
#...#####.......
#..†@{<....)..
#.#####.###### #
.# .# .# .# (#
.#


There were no monsters in sight!

Vanquished Creatures
  2 two-headed ogres
  Pikel (D:6)
  Sigmund (D:3)
  2 wyverns
  Eustachio (D:4)
  Duvessa (D:7)
  2 water moccasins
  An orc warrior (D:8)
  4 sky beasts
  A necrophage (D:4)
  6 ogres
  A kobold brigand (D:6)
  A gnoll sergeant (D:7)
  A wyvern zombie (D:8)
  Dowan (D:7)
  2 bullfrogs
  2 water moccasin zombies
  A scorpion (D:2)
  A wyvern skeleton (D:7)
  A hound (D:5)
  3 orc priests (D:8)
  A jelly (D:5)
  A bullfrog skeleton (D:3)
  3 iguanas
  7 orc wizards
  2 scorpion zombies (D:5)
  A killer bee zombie (D:7)
  Robin (D:2)
  7 gnolls
  A howler monkey skeleton (D:4)
  4 adders
  A white imp (D:7)
  2 ufetubi
  3 worms
  4 dart slugs
  42 orcs
  2 bats
  5 endoplasms
  3 giant cockroaches (D:2)
  13 goblins
  11 hobgoblins
  12 kobolds
  3 quokkas
  5 ball pythons
  4 frilled lizards
  6 rats
180 creatures vanquished.

Vanquished Creatures (collateral kills)
  A sky beast (D:8)
1 creature vanquished.

Vanquished Creatures (others)
  4 plants (D:2)
4 creatures vanquished.

Grand Total: 185 creatures vanquished

Notes
Turn   | Place    | Note
-------+----------+-------------------------------------------
     0 | D:1      | Cykl0x the Minotaur Fighter began the quest for the Orb.
     0 | D:1      | Reached XP level 1. HP: 19/19 MP: 0/0
   208 | D:1      | Reached XP level 2. HP: 27/27 MP: 1/1
   848 | D:2      | Found a faded altar of an unknown god.
   881 | D:2      | Reached XP level 3. HP: 33/33 MP: 2/2
   924 | D:2      | Noticed a scorpion
   931 | D:2      | Killed a scorpion
   932 | D:2      | Reached XP level 4. HP: 37/40 MP: 3/3
  1043 | D:2      | Found an ornate altar of the Wu Jian Council.
  1074 | D:2      | Reached skill level 1 in Dodging
  1082 | D:2      | Noticed Robin
  1123 | D:2      | Killed Robin
  1124 | D:2      | Reached skill level 1 in Throwing
  1391 | D:3      | Noticed a bullfrog
  1391 | D:3      | Noticed Sigmund
  1392 | D:3      | Reached XP level 5. HP: 41/47 MP: 4/4
  1414 | D:3      | Killed Sigmund
  1415 | D:3      | Reached XP level 6. HP: 39/53 MP: 5/5
  1444 | D:3      | Reached skill level 5 in Armour
  1464 | D:3      | Found a snail-covered altar of Cheibriados.
  1484 | D:3      | Reached skill level 5 in Long Blades
  1654 | D:3      | Reached skill level 5 in Shields
  1833 | D:3      | Identified a scroll of acquirement
  1833 | D:3      | Acquired a manual of Shields
  1979 | D:4      | Noticed Eustachio
  2047 | D:4      | Killed Eustachio
  2048 | D:4      | Reached XP level 7. HP: 42/60 MP: 6/6
  2451 | D:4      | Found an ornate altar of the Wu Jian Council.
  2459 | D:4      | Identified the amulet of Widurru {Spirit rN+}
  2933 | D:4      | Found a glowing silver altar of Zin.
  2939 | D:4      | Became a worshipper of Zin the Law-Giver
  2939 | D:4      | Reached * piety under Zin
  3383 | D:5      | Entered Level 5 of the Dungeon
  3434 | D:5      | Reached skill level 1 in Invocations
  3447 | D:5      | Reached skill level 5 in Fighting
  3770 | D:5      | Reached XP level 8. HP: 67/68 MP: 8/8
  3949 | D:5      | Found Aqatyow's Distillery.
  3953 | D:5      | Bought a potion of degeneration for 12 gold pieces
  3993 | D:5      | Found a staircase to the Ecumenical Temple.
  4002 | Temple   | Entered the Ecumenical Temple
  4858 | D:6      | Noticed Pikel
  4878 | D:6      | Killed Pikel
  4879 | D:6      | Reached XP level 9. HP: 61/75 MP: 10/10
  4909 | D:6      | Found a stormy altar of Qazlal.
  5038 | D:6      | Reached ** piety under Zin
  5195 | D:6      | Found Koymuc's Assorted Antiques.
  5935 | D:7      | Found a hazy altar of Hepliaklqana.
  5938 | D:7      | Found a shimmering altar of Xom.
  5941 | D:7      | Found a radiant altar of Vehumet.
  6009 | D:7      | Noticed a two-headed ogre
  6019 | D:7      | Killed a two-headed ogre
  6126 | D:7      | Found the +8 glaive of the Guard {elec, spectral, AC+5}
  6219 | D:7      | Noticed Duvessa
  6219 | D:7      | Noticed Dowan
  6233 | D:7      | Killed Duvessa
  6234 | D:7      | Reached skill level 10 in Shields
  6237 | D:7      | Killed Dowan
  6286 | D:7      | Reached *** piety under Zin
  6571 | D:8      | Found an iron altar of Okawaru.
  6632 | D:8      | Noticed a two-headed ogre
  6640 | D:8      | Killed a two-headed ogre
  6641 | D:8      | Reached skill level 5 in Invocations
  6641 | D:8      | Reached XP level 10. HP: 35/84 MP: 12/12
  7021 | D:8      | Reached **** piety under Zin
  7482 | D:9      | Reached skill level 10 in Long Blades
  7537 | D:9      | Slain by a vampire

Illustrated notes

Levels and vault maps discovered:
D:1:      minmay_arrival_four_circles, layout_basic, minmay_tetromino_i4
D:2:      layout_rooms, basic_altar, ebering_ecumenical_altar_mist,
          chequers_serial_rivers_micro_a, serial_bayou_pond_c, uniq_robin
D:3:      layout_rooms, cheibriados_altar_1, hangedman_feature_mirror,
          minmay_distorted, uniq_sigmund
D:4:      layout_layer_cave, nicolae_wu_jian_wuxing_cycle,
          overflow_temple_1_default, minmay_statues_item, moated_statue,
          hangedman_decor_lopped, serial_bayou_lake_a, uniq_eustachio
D:5:      minmay_recursive_quarters, layout_loops_cross,
          minmay_temple_entry_waves, serial_shops, shop
D:6:      layout_basic, kennysheep_mini, serial_shops, shop, uniq_pikel
D:7:      layout_basic, grunt_temple_overflow_diamond, uniq_duvessa
D:8:      layout_basic, lemuel_crystal_altar, special_room [special_room_orc]
D:9:      layout_small_grid, lemuel_crystal_altar, mainiacjoe_overflow_brackets,
          nicolae_tso_carved_into_rock, mainiacjoe_overflow_alcove_2,
          nicolae_ru_the_path_less_chosen, serial_bayou_crossing
Temple:   jpeg_temple_island

Skill      XL: |  1  2  3  4  5  6  7  8  9 10 |
---------------+-------------------------------+-----
Fighting       | 4 5 6 7 |  7.1
Shields        | 4 5 6 8 10 | 10.8
Long Blades    | 3 4 5 6 8 9 10 | 10.0
Armour         | 4 5 7 8 |  8.3
Dodging        | 1 2 |  2.9
Throwing       | 1 2 3 4 |  4.3
Invocations    | 1 3 5 |  5.6

Action                   |  1- 3 |  4- 6 |  7- 9 | 10-12 || total
-------------------------+-------+-------+-------+-------++-------
Melee: Long sword        |    42 |   161 |   271 |   134 ||   608
       Headbutt          |     7 |    27 |    50 |    28 ||   112
Throw: Stone             |    27 |    33 |    40 |       ||   100
       Dart              |       |     2 |    12 |       ||    14
       Boomerang         |       |       |    26 |    12 ||    38
Invok: Recite            |       |       |       |     1 ||     1
  Use: Scroll            |     1 |     4 |     9 |     2 ||    16
       Potion            |       |     1 |       |     1 ||     2
Armor: Scale mail        |    25 |    24 |       |       ||    49
       Chain mail        |       |    73 |    90 |    62 ||   225
Dodge: Dodged            |    12 |    67 |    62 |    27 ||   168
Block: Kite shield       |    20 |   130 |   166 |    71 ||   387
       Rpst.: Long sword |     2 |    14 |    15 |     9 ||    40
